 Dungeon Crawl Stone Soup version 0.22-a0-136-g83a10e5 (webtiles) character file.

96 mhoghedin the Magician (level 4, -1/24 HPs)
             Began as a Deep Elf Air Elementalist on Feb 3, 2018.
             Slain by an adder (4 damage)
             ... on level 2 of the Dungeon.
             The game lasted 00:05:10 (1836 turns).

mhoghedin the Magician (Deep Elf Air Elementalist)  Turns: 1836, Time: 00:05:10

Health: -1/24      AC:  2    Str:  5    XL:     4   Next: 41%
Magic:  9/12       EV: 14    Int: 21    God:
Gold:   84         SH:  0    Dex: 15    Spells: 5/11 levels left

rFire    . . .     SeeInvis .   l - +0 dagger (venom)
rCold    . . .     Gourm    .   (no shield)
rNeg     . . .     Faith    .   a - +0 robe
rPois    .         Spirit   .   (no helmet)
rElec    .         Reflect  .   (no cloak)
rCorr    .         Harm     .   (no gloves)
MR       .....                  (no boots)
Stlth    ++........             (no amulet)
HPRegen  0.08/turn              (no ring)
MPRegen  0.13/turn              (no ring)

@: no status effects
A: no striking features
a: no special abilities


You were on level 2 of the Dungeon.
You were not hungry.

You visited 1 branch of the dungeon, and saw 2 of its levels.

You collected 84 gold pieces.

Inventory:

Hand Weapons
 l - a +0 dagger of venom (weapon)
   (You took it off a goblin on level 1 of the Dungeon)
Armour
 a - a +0 robe (worn)
Scrolls
 d - 2 scrolls of remove curse {unknown}
 e - a scroll of blinking {unknown}
 f - 3 scrolls of identify {unknown}
 h - a scroll of random uselessness {unknown}
 k - a scroll of noise {unknown}
Potions
 g - a potion of flight {unknown}
 i - 2 potions of degeneration {unknown}
 j - a potion of curing {unknown}
 m - a potion of berserk rage {unknown}
 n - a potion of lignification {unknown}
Books
 b - a book of Air
Comestibles
 c - 3 rations


   Skills:
 + Level 3.5 Dodging
 - Level 2.4 Stealth
 + Level 4.1 Spellcasting
 + Level 2.4 Conjurations
 + Level 3.6 Air Magic


You had 5 spell levels left.
You knew the following spells:

 Your Spells              Type           Power        Failure   Level  Hunger
a - Shock                 Conj/Air       ###.         3%          1    None
b - Static Discharge      Conj/Air       ###.....     10%         3    ###....
s - Swiftness             Chrm/Air       ##......     9%          2    #......


Dungeon Overview and Level Annotations

Branches:
Dungeon (2/15)

Altars:


Message History

The kobold barely misses you.
You closely miss the kobold. The frilled lizard misses you.
The kobold hits you.
You take 3 damage, and have 21/24 hp.
You barely miss the kobold. The frilled lizard bites you.
The kobold barely misses you.
You take 1 damage, and have 20/24 hp.
You hit the kobold but do no damage. The frilled lizard misses you.
The kobold misses you.
You hit the kobold but do no damage.
The kobold is poisoned.
You kill the kobold!
The frilled lizard bites you.
You take 1 damage, and have 19/24 hp.
The frilled lizard misses you.
You see here a kobold corpse.
You miss the frilled lizard. The frilled lizard misses you.
You miss the frilled lizard. The frilled lizard misses you.
You barely miss the frilled lizard. The frilled lizard closely misses you.
A leopard gecko comes into view.
The leopard gecko hisses angrily.
You hit the frilled lizard.
You kill the frilled lizard!
You see here a frilled lizard corpse.
MP restored: 12 The leopard gecko barely misses you.
You hit the leopard gecko.
The leopard gecko is poisoned.
The leopard gecko barely misses you.
Aim: a leopard gecko (severely wounded, poisoned)
The zap hits the leopard gecko.
You kill the leopard gecko!
You now have 11/12 mp.
You see here a frilled lizard corpse.
You butcher the frilled lizard corpse.
n - a chunk of flesh {@w0}
c - 3 rations (gained 1) Eating a chunk of flesh {@w0}.
You eat the chunk of flesh {@w0}.
An adder comes into view.
You regained 3 hp, and now have 23/24 hp.
MP restored: 12 An adder is nearby!
An adder is nearby!
Aim: an adder (resting)
The zap hits the adder.
The adder hisses angrily.
The adder moves out of view.
You now have 11/12 mp.
Aim: an adder (moderately wounded)
The zap hits the adder.
You now have 10/12 mp.
Aim: an adder (heavily wounded)
The zap hits the adder.
You now have 9/12 mp.
The zap hits the adder.
You kill the adder!
You now have 8/12 mp.
f - 3 scrolls labeled VEIRUT WEMERPH (gained 1)
A kobold comes into view.
Health restored: 24 A kobold is nearby!
The helpless kobold fails to defend itself.
You puncture the kobold!
You kill the kobold!
No target in view!
A gnoll sergeant is nearby!
A gnoll sergeant is nearby!
What are your orders? t - Shout!
Orders for allies: a - Attack new target. r - Retreat! s - Stop attacking. g - Guard the area. f - Follow me.
Anything else - Cancel.
You shout for attention!
The gnoll sergeant shouts!
You hear a shout!
MP restored: 12 You see here a stone.
Okay, then.
Unknown command.
Okay, then.
You see here a puce potion.
n - a puce potion
Found a stone staircase leading up.
An adder comes into view.
The zap hits the gnoll sergeant. x2; The gnoll sergeant appears unharmed.
You now have 11/12 mp.
The zap hits the gnoll sergeant.
The gnoll sergeant appears unharmed.
The zap hits the gnoll sergeant.
The gnoll sergeant appears unharmed.
The gnoll sergeant hits you from afar with a trident!
Ouch! That really hurt!
You take 14 damage, and have 10/24 hp.
MASSIVE DAMAGE!!
You now have 10/12 mp.
The zap hits the gnoll sergeant.
The gnoll sergeant appears unharmed.
The zap hits the gnoll sergeant.
The gnoll sergeant hits you from afar with a trident!
* * * LOW HITPOINT WARNING * * *
You take 7 damage, and have 3/24 hp.
MASSIVE DAMAGE!!
You now have 9/12 mp.
The adder hisses angrily.
The adder bites you.
You die...

############.#
#....g..@S..!#
#
#.############
#.# #g# ######
#.# #.....
#.#### .
#.##.. #.##..
....####.##.#
#.##.#
.............
#. #.##.#
g.......g##..


You could see a gnoll sergeant and an adder.

Vanquished Creatures
  4 gnolls (D:2)
  An adder (D:2)
  An ooze (D:2)
  2 dart slugs
  A leopard gecko (D:2)
  3 bats
  2 giant cockroaches (D:1)
  5 goblins
  7 hobgoblins
  2 frilled lizards
  7 kobolds
  4 rats
39 creatures vanquished.

Notes
Turn   | Place    | Note
-------+----------+-------------------------------------------
     0 | D:1      | mhoghedin the Deep Elf Air Elementalist began the quest for the Orb.
     0 | D:1      | Reached XP level 1. HP: 10/10 MP: 6/6
   283 | D:1      | Reached XP level 2. HP: 15/15 MP: 1/8
   526 | D:1      | Learned a level 2 spell: Swiftness
  1107 | D:2      | Reached skill level 3 in Dodging
  1145 | D:2      | Reached XP level 3. HP: 16/19 MP: 6/10
  1145 | D:2      | Reached skill level 2 in Conjurations
  1228 | D:2      | Noticed a gnoll sergeant
  1265 | D:2      | Reached XP level 4. HP: 20/24 MP: 5/11
  1565 | D:2      | Reached skill level 4 in Spellcasting
  1624 | D:2      | Learned a level 3 spell: Static Discharge
  1832 | D:2      | HP: 3/24 [gnoll sergeant/trident (7)]
  1836 | D:2      | Slain by an adder

Vault maps used:
D:1:      minmay_arrival_stair_chambers
D:2:      tgw_kikubaaqudgha

Skill      XL: |  1  2  3  4 |
---------------+-------------+-----
Dodging        | 3 |  3.5
Conjurations   | 2 |  2.4
Spellcasting   | 4 |  4.1
Stealth        | |  2.4
Air Magic      | |  3.6

Action                   |  1- 3 |  4- 6 || total
-------------------------+-------+-------++-------
Melee: Dagger            |     5 |    33 ||    38
 Cast: Shock             |    48 |    13 ||    61
 Stab: Sleeping          |       |     1 ||     1
  Eat: Chunk             |     1 |     2 ||     3
Armor: Robe              |     2 |       ||     2
Dodge: Dodged            |    12 |    29 ||    41

Table legend:
 A = Spawn XP
 B = Non-spawn XP
 C = Spawn XP percentage of total XP
 D = Spawn monster count
 E = Non-spawn monster count
 F = Spawn count percentage of total count
 G = Total turns spent on level
                    A         B        C        D         E        F      G
               +---------+---------+-------+---------+---------+-------+---------
         Total |       0 |     138 |   0.0 |       0 |      39 |   0.0 |  1836
               +---------+---------+-------+---------+---------+-------+---------
           D:1 |       0 |      33 |   0.0 |       0 |      18 |   0.0 |  1101
           D:2 |       0 |     105 |   0.0 |       0 |      21 |   0.0 |   735
               +---------+---------+-------+---------+---------+-------+---------

Vault maps used:
D:1:      minmay_arrival_stair_chambers
D:2:      tgw_kikubaaqudgha

Table legend:
 A = Turns spent in this place as a percentage of turns spent in the entire game.
 B = Non-inter-level travel turns spent in this place as a percentage of non-inter-level travel turns spent in the entire game.
 C = Inter-level travel turns spent in this place as a percentage of turns spent in this place.
 D = Turns resting spent in this place as a percentage of non-inter-level travel turns spent in this place.
 E = Turns spent auto-exploring this place as a percentage of non-inter-level travel turns spent in this place.
 F = Non-inter-level travel turns spent in this place divided by the number of levels of this place that you've seen.
                   A       B       C       D       E      F
               +-------+-------+-------+-------+-------+----------------------
         Total | 100.0 | 100.0 |   0.8 |  32.7 |  45.8 | 910.5
       Dungeon | 100.0 | 100.0 |   0.8 |  32.7 |  45.8 | 910.5
               +-------+-------+-------+-------+-------+----------------------

Table legend:
 A = Kills in this place as a percentage of kills in entire the game.
 B = Kills by you in this place as a percentage of kills by you in the entire game.
 C = Kills by friends in this place as a percentage of kills by friends in the entire game.
 D = Other kills in this place as a percentage of other kills in the entire game.
 E = Experience gained in this place as a percentage of experience gained in the entire game.
 F = Experience gained in this place divided by the number of levels of this place that you have seen.
                   A       B       C       D       E      F
               +-------+-------+-------+-------+-------+----------------------
         Total | 100.0 | 100.0 |   N/A |   N/A | 100.0 |  69.0
       Dungeon | 100.0 | 100.0 |   N/A |   N/A | 100.0 |  69.0
               +-------+-------+-------+-------+-------+----------------------
